 Dungeon Crawl Stone Soup version 0.20-a0-526-g753eaab (webtiles) character file.

65 KristoblXynda the Poker (level 3, -1/29 HPs)
             Began as a Centaur Gladiator on Jan 26, 2017.
             Slain by a gnoll
             ... wielding a +0 spear
              (9 damage)
             ... on level 2 of the Dungeon.
             The game lasted 00:02:31 (919 turns).

KristoblXynda the Poker (Centaur Gladiator)          Turns: 919, Time: 00:02:31

Health: -1/29      AC:  6    Str: 21    XL:     3   Next: 94%
Magic:  3/3        EV: 10    Int:  8    God:
Gold:   105        SH:  0    Dex: 10    Spells: 2/2 levels left

rFire    . . .     SeeInvis .   a - +0 trident
rCold    . . .     Gourm    .   b - +0 leather armour
rNeg     . . .     Faith    .   (no shield)
rPois    .         Spirit   .   c - +0 helmet
rElec    .         Reflect  .   n - +0 cloak
rCorr    .         Harm     .   (no gloves)
MR       .....                  (no barding)
Stlth    ..........             (no amulet)
Regen    0.1/turn               (no ring)
                                (no ring)

@: mighty, very quick
A: hooves 3, deformed body, speed 2, tough skin 3
a: no special abilities


You were on level 2 of the Dungeon.
You were not hungry.

You visited 1 branch of the dungeon, and saw 2 of its levels.

You collected 105 gold pieces.

Inventory:

Hand Weapons
 a - a +0 trident (weapon)
Missiles
 d - 3 throwing nets (quivered)
Armour
 b - a +0 leather armour (worn)
 c - a +0 helmet (worn)
 n - a +0 cloak (worn)
Jewellery
 o - an uncursed amulet of rage {unknown}
 u - a cursed ring of loudness {unknown}
Scrolls
 j - a scroll of random uselessness {unknown}
 k - a scroll of immolation {unknown}
 l - 3 scrolls of identify {unknown}
 m - 2 scrolls of fear {unknown}
 q - a scroll of amnesia {unknown}
 s - a scroll of magic mapping {unknown}
Potions
 e - a potion of ambrosia {unknown}
 g - a potion of flight {unknown}
 h - a potion of might
 p - a potion of cancellation {unknown}
 r - a potion of agility {unknown}
 t - a potion of haste {unknown}
Comestibles
 f - 2 bread rations
 i - 2 fruits


   Skills:
 - Level 2.0 Fighting
 * Level 3.8 Polearms
 - Level 2.1 Throwing
 + Level 1.4 Armour
 - Level 2.1 Dodging


You had 2 spell levels left.
You didn't know any spells.

Dungeon Overview and Level Annotations

Branches:
Dungeon (2/15)

Altars:


Innate Abilities, Weirdness & Mutations

You have hooves in place of feet.
Armour fits poorly on your strangely shaped body.
You cover ground very quickly.
You have extremely tough skin. (AC +3)


Message History

Press: ? - help, Dir - move target cursor, f/p - rat
Aim: a rat You reach to attack!
You hit the rat but do no damage.
Attack whom?
Press: ? - help, Dir - move target cursor, f/p - rat
Aim: a rat You reach to attack!
You puncture the rat!
You kill the rat!
There is an open door here.
Attack whom?
Press: ? - help, Dir - move target cursor, f - gnoll
Aim: a gnoll, wielding a spear You reach to attack!
You hit the gnoll.
The gnoll is moderately wounded.
The gnoll hits you but does no damage.
It was a potion of might.
You feel very mighty all of a sudden. The gnoll barely misses you.
The gnoll hits you with a spear!
You die...

..# #..#.).......#
..####+####.#.........#
............).........+
...)[......#..#.......#
..†(..........+.......#
...........#.##.).....#
..†..((.........).....#
........#####..#'######
.......(# #.g#@#
######### ##.#g# #.†.#
#...#########
#..>.........
#.##.########
#.##'#########
#.......#....#
#.......#....#######


You could see a gnoll.

Vanquished Creatures
  3 gnolls (D:2)
  A leopard gecko (D:2)
  A ball python (D:1)
  8 goblins
  7 hobgoblins
  4 kobolds
  4 bats
  2 frilled lizards
  3 rats
33 creatures vanquished.

Notes
Turn   | Place    | Note
-------+----------+-------------------------------------------
     0 | D:1      | KristoblXynda the Centaur Gladiator began the quest for the Orb.
     0 | D:1      | Reached XP level 1. HP: 17/17 MP: 1/1
   230 | D:1      | Reached skill level 3 in Polearms
   260 | D:1      | Reached XP level 2. HP: 19/24 MP: 2/2
   620 | D:2      | Reached skill level 1 in Armour
   620 | D:2      | Reached XP level 3. HP: 19/29 MP: 3/3
   919 | D:2      | Slain by a gnoll

Vault maps used:
D:1:      minmay_arrival_up_and_down, roderic_roman_lattice, minivault_23

Skill      XL: |  1  2 |
---------------+-------+-----
Polearms       | 3 |  3.8
Armour         | 1 |  1.4
Fighting       | |  2.0
Throwing       | |  2.1
Dodging        | |  2.1

Action                   || total
-------------------------++-------
Melee: Trident           ||   112
       Kick              ||    16
  Use: Potion            ||     1
Armor: Leather armour    ||    59
Dodge: Dodged            ||    72
